AoeStats
← Azatapower

Marketplace

506262070Analyzed
1v1 RM · 19d ago on Sep 12, 2026· 55m 47s· 2 players
Game mode
Random Map
Map size
Tiny (2 player)
Population
200
Speed
Normal
Resources
Standard
Victory
Conquest
Starting age
Dark Age
Ending age
Imperial Age
RankedLock teamsTeams togetherTeam positionsShared explorationLock speedFull tech treeHidden civsTurbo modeCheats
Victory
Defeat
🇧🇷 Khitans · Brazil
1275
+16
🇪🇨 Vietnamese · Ecuador
1271
-16
carlobanchon
0:56 Loom
11:31 Feudal Age
12:15 Double-Bit Axe
22:14 Castle Age
21:44 Gold Mining
21:38 Horse Collar
23:04 Bloodlines
22:17 Crossbowman
23:10 Bow Saw
23:10 Town Watch
23:28 Fletching
25:25 Ballistics
25:07 Bodkin Arrow
26:37 Padded Archer Armor
29:33 Thumb Ring
29:53 Heavy Plow
30:42 Leather Archer Armor
33:19 Wheelbarrow
36:40 Scale Barding Armor
40:33 Imperial Age
39:31 Light Cavalry
41:03 Husbandry
41:19 Bracer
42:56 Chemistry
43:12 Hand Cart
45:11 Ring Archer Armor
45:02 Chain Barding Armor
46:50 Stone Mining
47:18 Elite Rattan Archer
49:07 Forging
49:39 Crop Rotation
49:50 Town Patrol
50:37 Plate Barding Armor
51:00 Hoardings
52:20 Pikeman
Azatapower
2:23 Loom
9:54 Feudal Age
10:20 Double-Bit Axe
17:15 Forging
19:02 Domestication
21:48 Castle Age
20:32 Scale Mail Armor
20:39 Scale Barding Armor
20:38 Fletching
20:49 Padded Archer Armor
22:52 Leather Archer Armor
22:34 Bodkin Arrow
23:00 Chain Barding Armor
23:16 Iron Casting
22:43 Gold Mining
23:07 Light Cavalry
24:49 Bow Saw
25:03 Town Watch
27:39 Heavy Cavalry Archer
30:06 Thumb Ring
31:11 Elite Skirmisher
34:24 Ballistics
36:36 Husbandry
39:06 Heated Shot
39:14 Murder Holes
43:24 Imperial Age
43:32 Imperial Age
41:38 Wheelbarrow
41:45 Town Patrol
41:49 Pastoralism
41:43 Stone Mining
42:35 Lamellar Armor
43:25 Leather Archer Armor
44:22 Hussar
46:13 Hand Cart
47:13 Plate Barding Armor
46:19 Capped Ram
48:29 Chemistry
48:22 Siege Ram
49:22 Heavy Rocket Cart
50:26 Elite Steppe Lancer
51:54 Heavy Camel Rider
55:21 Bracer
56:09 Ring Archer Armor
Connection lost

Rejoining the realm…

Still unreachable

The connection could not be restored.

Session expired

The server has moved on; the page needs a fresh start.